 Dungeon Crawl Stone Soup version 0.25.1-2-g60ff931df9 (webtiles) character file.

Game seed: 12765482467974221862

9653 DogServant the Martial Artist (level 11, 0/94 HPs)
             Began as a Red Draconian Transmuter on Oct 17, 2020.
             Was an Elder of Okawaru.
             Slain by a killer bee (2 damage)
             ... on level 11 of the Dungeon.
             The game lasted 00:30:56 (13977 turns).

DogServant the Martial Artist (DrTm)               Turns: 13977, Time: 00:30:56

Health: 0/94       AC: 10    Str: 14    XL:     11   Next: 25%
Magic:  11/17      EV: 17    Int: 17    God:    Okawaru [****..]
Gold:   582        SH:  0    Dex: 14    Spells: 3/14 levels left

rFire    + . .     SeeInvis .     - Unarmed
rCold    + . .     Gourm    .   (shield currently unavailable)
rNeg     . . .     Faith    .   (armour unavailable)
rPois    .         Spirit   .   (helmet restricted)
rElec    .         Reflect  .   p - +2 cloak
rCorr    .         Harm     .   (gloves currently unavailable)
MR       .....                  (no boots)
Stlth    +++.......             (no amulet)
HPRegen  0.25/turn              x - +6 ring of strength
MPRegen  0.15/turn              f - ring of protection from cold

@: short of breath, blade hands (expiring), heroism, very slightly contaminated,
lightly drained, invisible
A: breathe fire, unfitting armour, clever 1, fire resistance 1, high mp 1, weak
2, cold-blooded, AC +7
a: Breathe Fire, End Transformation, Heroism, Renounce Religion


You were on level 11 of the Dungeon.
You worshipped Okawaru.
Okawaru was greatly pleased with you.
You were hungry.
You had blades for hands.
You visited 2 branches of the dungeon, and saw 12 of its levels.

You collected 582 gold pieces.

Inventory:

Hand Weapons
 m - a +1 short sword of draining
 v - the +6 mace of the Dwarven Hall (melded) {drain, +Fly rElec Int-3}
   (You found it on level 7 of the Dungeon)

   A truly terrible weapon, it drains the life of those it strikes.
   It affects your intelligence (-3).
   It insulates you from electricity.
   It lets you fly.
Missiles
 a - 101 arrows
 i - 134 bolts
 q - 11 javelins
 t - 2 silver boomerangs (quivered)
Armour
 p - a +2 cloak (worn)
 u - a +2 pair of gloves (melded)
Jewellery
 f - a ring of protection from cold (right scythe-like blade)
 x - a +6 ring of strength (left scythe-like blade)
Wands
 g - a wand of random effects (20)
 y - a wand of digging (16)
 z - a wand of paralysis (4)
 B - a wand of acid (8)
 F - a wand of polymorph (4)
 G - a wand of iceblast (6)
Scrolls
 e - 3 scrolls of teleportation
 k - 9 scrolls of remove curse
 l - 2 scrolls of amnesia
 A - 3 scrolls of identify
 E - 2 scrolls of magic mapping
Potions
 b - a potion of resistance
 d - 2 potions of invisibility
 h - a potion of haste
 j - a potion of magic
 n - 2 potions of brilliance
 o - 2 potions of stabbing
 r - a potion of cancellation
 s - 2 potions of lignification
 w - a potion of curing
Comestibles
 c - 10 rations


   Skills:
 + Level 8.3(12.6) Fighting
 - Level 4.0(8.3) Dodging
 - Level 10.1(14.4) Unarmed Combat
 - Level 2.0(1.4) Spellcasting
 + Level 10.0(9.4) Transmutations
 - Level 4.0(3.4) Poison Magic
 + Level 6.4(5.8) Invocations


You had 3 spell levels left.
You knew the following spells:

 Your Spells              Type           Power        Failure   Level  Hunger
a - Beastly Appendage     Tmut           ####..       11%         1    ##.....
b - Sticks to Snakes      Tmut           ####....     13%         2    ###....
c - Spider Form           Tmut/Pois      ###.......   30%         3    ####...
d - Blade Hands           Tmut           ####......   50%         5    ######.

Your spell library contained the following spells:

 Spells                   Type           Power        Failure   Level  Hunger
 Animate Skeleton         Necr           N/A          63%         1    ##.....
 Apportation              Tloc           #.....       63%         1    ##.....
 Corona                   Hex            #......      63%         1    ##.....
 Summon Small Mammal      Summ           #...         63%         1    ##.....
 Confusing Touch          Hex            #.......     88%         3    ####...
 Gell's Gravitas          Tloc           #.........   88%         3    ####...
 Ice Form                 Ice/Tmut       ###.....     71%         4    #####..
 Petrify                  Tmut/Erth      ###.....     71%         4    #####..
 Yara's Violent Unravell  Hex/Tmut       ###.......   93%         5    ######.
 Metabolic Englaciation   Hex/Ice        #.........   100%        5    ######.


Dungeon Overview and Level Annotations

Branches:
Dungeon (11/15)            Temple (1/1) D:7            Lair (0/6) D:10
    Orc (0/2) D:10

Altars:
Ashenzari
Cheibriados
Dithmenos
Elyvilon
Fedhas
Gozag
Hepliaklqana
Kikubaaqudgha
Makhleb
Nemelex Xobeh
Okawaru
Qazlal
Ru
Sif Muna
Trog
Uskayaw
Vehumet
Wu Jian
Xom
Yredelemnul
Zin
The Shining One

Shops:
D:9 (   D:10 [(

Annotations:
D:3 1 runed translucent door, Crazy Yiuf
D:4 Pikel


Innate Abilities, Weirdness & Mutations

You can breathe blasts of fire.
Your fiery red scales are hard. (AC +7)
You cannot fit into any form of body armour.
Your flesh is heat resistant. (rF+)
You are cold-blooded and may be slowed by cold attacks.
Your mind is acute. (Int +2)
You have an increased reservoir of magic. (+10% MP)
You are very weak. (Str -4)


Message History

* * * LOW HITPOINT WARNING * * *
The killer bee misses you.
The killer bee stings you but does no damage.
The orc warrior hits you from afar with a +2 vorpal halberd.
* * * LOW HITPOINT WARNING * * *
x2 The killer bee closely misses you.
The killer bee misses you. The killer bee closely misses you.
The killer bee barely misses you.
Okay, then.
Okay, then.
You fade into invisibility!
The killer bee completely misses you. The killer bee stings you!
* * * LOW HITPOINT WARNING * * *
The killer bee closely misses you. x2; The killer bee barely misses you.
The orc warrior hits you from afar with a +2 vorpal halberd!
* * * LOW HITPOINT WARNING * * *
x2 The killer bee barely misses you.
The killer bee closely misses you. The killer bee misses you.
You are very lightly contaminated with residual magic.
The killer bee misses you. The killer bee stings you.
You die...

##########################
..........................
.....(.)..................
.....####.........##......
(....# #..).>....# .....
.....# #.......@y# ....
.....# #.......yy# ...
.....# #.......yy# y.
.....# #.........o. .
.....# #..#####.....
.....# #..# #o○##o .....#
#..# .. .....# # #..# ..
###..####..# #..# .#


You could see an orc warrior, 5 killer bees, an orc priest (wandering) and an
orc wizard.

Vanquished Creatures
  Erica (D:8)
  Urug (D:11)
  An orc knight (D:10)
  Maggie (D:8)
  Grinder (D:5)
  3 hippogriffs
  A shadow (D:10)
  Sigmund (D:5)
  9 yaks
  A wyvern (D:11)
  A hog (D:8)
  A wraith (D:10)
  A hungry ghost (D:7)
  A human (D:8)
  Menkaure (D:7)
  3 porcupines (D:10)
  3 orc warriors
  Duvessa (D:6)
  3 phantoms
  2 ice beasts
  3 sky beasts
  3 ogres
  A centaur (D:5)
  5 bullfrogs
  Dowan (D:6)
  A scorpion (D:10)
  8 killer bees
  5 wights (D:11)
  4 electric eels
  5 howler monkeys
  A bullfrog zombie (D:7)
  5 crimson imps
  3 centaur zombies
  8 hounds
  2 jellies
  6 orc priests
  7 orc wizards
  A bullfrog skeleton (D:9)
  A gnoll shaman (D:2)
  An iguana (D:10)
  9 worker ants
  A hound zombie (D:11)
  7 gnolls
  11 adders
  A shadow imp (D:9)
  An ooze (D:3)
  2 adder skeletons
  2 worms
  A dart slug (D:1)
  5 leopard geckos
  18 orcs
  2 giant cockroaches
  6 goblins
  2 hobgoblins
  5 jackals (D:1)
  A quokka (D:9)
  A ball python (D:5)
  5 bats
  5 frilled lizards
  2 kobolds
  A leopard gecko zombie (D:6)
  2 quokka skeletons
  A quokka zombie (D:8)
  2 rats
201 creatures vanquished.

Vanquished Creatures (collateral kills)
  A worker ant (D:5)
1 creature vanquished.

Grand Total: 202 creatures vanquished

Notes
Turn   | Place    | Note
-------+----------+-------------------------------------------
     0 | D:1      | DogServant the Draconian Transmuter began the quest for the
                  | Orb.
     0 | D:1      | Reached XP level 1. HP: 16/16 MP: 3/3
   319 | D:1      | Reached XP level 2. HP: 19/23 MP: 5/5
   987 | D:1      | Reached XP level 3. HP: 29/29 MP: 4/6
  1205 | D:2      | Reached XP level 4. HP: 33/36 MP: 5/7
  1734 | D:2      | Learned a level 2 spell: Sticks to Snakes
  2315 | D:3      | Reached XP level 5. HP: 39/44 MP: 8/8
  2537 | D:3      | Found a glowing golden altar of the Shining One.
  2872 | D:3      | Found a runed translucent door.
  2873 | D:3      | Noticed Crazy Yiuf
  3006 | D:4      | Reached skill level 5 in Unarmed Combat
  3141 | D:4      | Reached XP level 6. HP: 42/51 MP: 7/9
  3744 | D:4      | Noticed a slave
  3744 | D:4      | Noticed a slave
  3745 | D:4      | Noticed Pikel
  3746 | D:4      | Noticed a slave
  3746 | D:4      | Noticed a slave
  3786 | D:5      | Entered Level 5 of the Dungeon
  3809 | D:5      | Noticed Sigmund
  3835 | D:5      | Your scales start taking on a fiery red colour.
  3835 | D:5      | Reached XP level 7. HP: 44/59 MP: 4/10
  3835 | D:5      | Gained mutation: Your flesh is heat resistant. (rF+) [Red
                  | Draconian growth]
  3861 | D:5      | Killed Sigmund
  4020 | D:5      | Learned a level 3 spell: Spider Form
  4119 | D:5      | Noticed Grinder
  4148 | D:5      | Found a bloodstained altar of Trog.
  4241 | D:5      | Paralysed by Grinder for 4 turns
  4259 | D:5      | Killed Grinder
  4259 | D:5      | Reached skill level 1 in Poison Magic
  4473 | D:5      | Reached skill level 5 in Transmutations
  4586 | D:5      | Reached skill level 5 in Fighting
  4586 | D:5      | Reached XP level 8. HP: 68/68 MP: 11/11
  5411 | D:6      | Noticed Duvessa
  5411 | D:6      | Noticed Dowan
  5983 | D:6      | Learned a level 5 spell: Blade Hands
  6142 | D:5      | Gained mutation: Scrolls take you a little longer to read.
                  | [mutagenic glow]
  6165 | D:5      | Gained mutation: You are weak. (Str -2) [mutagenic glow]
  6199 | D:5      | Gained mutation: Your body sometimes deteriorates upon
                  | taking damage. [mutagenic glow]
  6263 | D:6      | Killed Duvessa
  6266 | D:6      | Killed Dowan
  6317 | D:6      | Gained mutation: You do not regenerate when monsters are
                  | visible. [mutagenic glow]
  6352 | D:6      | Gained mutation: You are very weak. (Str -4) [mutagenic
                  | glow]
  6566 | D:6      | Lost mutation: Scrolls take you a little longer to read.
                  | [potion of mutation]
  6566 | D:6      | Lost mutation: You do not regenerate when monsters are
                  | visible. [potion of mutation]
  6566 | D:6      | Lost mutation: Your body sometimes deteriorates upon taking
                  | damage. [potion of mutation]
  6566 | D:6      | Gained mutation: You have an increased reservoir of magic.
                  | (+10% MP) [potion of mutation]
  6566 | D:6      | Gained mutation: You evolve. [potion of mutation]
  6702 | D:6      | Reached XP level 9. HP: 74/74 MP: 13/13
  7401 | D:7      | Gained mutation: Your mind is acute. (Int +2) [evolution]
  7405 | D:7      | Got an iridescent mace
  7406 | D:7      | Identified the +6 mace of the Dwarven Hall {drain, +Fly
                  | rElec Int-3} (You found it on level 7 of the Dungeon)
  7585 | D:7      | Found a staircase to the Ecumenical Temple.
  7591 | Temple   | Entered the Ecumenical Temple
  7843 | Temple   | Became a worshipper of Warmaster Okawaru
  8013 | D:7      | Noticed Menkaure
  8019 | D:7      | Killed Menkaure
  8397 | D:8      | Noticed Maggie
  8411 | D:8      | Killed Maggie
  8411 | D:8      | Reached * piety under Okawaru
  8591 | D:8      | Noticed Erica
  8607 | D:8      | Killed Erica
  8607 | D:8      | Reached ** piety under Okawaru
  8607 | D:8      | Reached skill level 10 in Unarmed Combat
  8823 | D:8      | Reached XP level 10. HP: 81/81 MP: 8/14
  9072 | D:8      | Reached skill level 1 in Invocations
  9596 | D:8      | Reached *** piety under Okawaru
 10149 | D:9      | Lost mutation: You evolve. [end of evolution]
 10497 | D:9      | Found Poetash Kuco's Weapon Shop.
 10559 | D:9      | Found a stormy altar of Qazlal.
 11017 | D:10     | Entered Level 10 of the Dungeon
 11116 | D:10     | Reached **** piety under Okawaru
 11122 | D:10     | Reached skill level 5 in Invocations
 11707 | D:10     | Found Rueme's Weapon Boutique.
 11709 | D:10     | Found a staircase to the Orcish Mines.
 11711 | D:10     | Noticed an orc knight
 11712 | D:10     | Found Qedgh's Armour Boutique.
 11726 | D:10     | Killed an orc knight
 11726 | D:10     | Reached XP level 11. HP: 93/93 MP: 8/16
 11850 | D:10     | Found a staircase to the Lair.
 12763 | D:11     | Noticed a purple ugly thing
 13377 | D:11     | Reached ***** piety under Okawaru
 13764 | D:11     | Noticed Urug
 13775 | D:11     | Killed Urug
 13775 | D:11     | Reached skill level 10 in Transmutations
 13976 | D:11     | HP: 4/94 [orc warrior/+2 vorpal halberd (12)]
 13976 | D:11     | HP: 1/94 [orc warrior/+2 vorpal halberd (3)]
 13977 | D:11     | Slain by a killer bee

Illustrated notes

Levels and vault maps discovered:
D:1:      psy_arrival_radial01, layout_basic, minmay_distorted
D:2:      layout_loops_cross
D:3:      layout_loops_ring, tso_altar, uniq_crazy_yiuf_cottage
D:4:      layout_loops_cross, first_ration, minmay_fountain_box, uniq_pikel
D:5:      layout_basic, trog_book, uniq_sigmund, uniq_grinder
D:6:      layout_rooms, enter_ossuary_5, uniq_duvessa
D:7:      layout_gridville, minmay_temple_entry_enclosed_plants, uniq_menkaure
D:8:      layout_layer_cave, serial_bayou_ford_a, grunt_livestock, uniq_maggie,
          uniq_erica
D:9:      layout_loops_cross, lemuel_doored_altar, serial_shops, shop,
          supply_closet_lemuel
D:10:     layout_basic, grunt_lair_entry_orc_guard_hut, orc_david_3
D:11:     layout_long_grid, enter_trove_0, skrybe_limestone_x, uniq_urug
Temple:   nicolae_temple_the_god_donut

Skill      XL: |  1  2  3  4  5  6  7  8  9 10 11 |
---------------+----------------------------------+-----
Fighting       | 2 3 4 5 7 8 |  8.3
Unarmed Combat | 4 5 6 8 10 | 10.1
Transmutations | 3 4 5 8 9 10 | 10.0
Dodging        | 2 3 4 |  4.0
Poison Magic   | 1 4 |  4.0
Invocations    | 5 6 |  6.4
Spellcasting   | |  2.0

Action                   |  1- 3 |  4- 6 |  7- 9 | 10-12 || total
-------------------------+-------+-------+-------+-------++-------
Melee: Unarmed           |    49 |       |    67 |   133 ||   249
       Tailslap          |     7 |    19 |    38 |    30 ||    94
       Headbutt          |     5 |     9 |     9 |     1 ||    24
       Kick              |     2 |     6 |    18 |       ||    26
       Short sword       |    40 |   129 |   283 |       ||   452
       Punch             |     1 |     1 |    12 |     7 ||    21
       Mace              |       |       |    13 |    91 ||   104
 Fire: Hand crossbow     |       |    10 |       |       ||    10
Throw: Boomerang         |       |       |     5 |       ||     5
 Cast: Beastly Appendage |    13 |    15 |    16 |     1 ||    45
       Sticks to Snakes  |       |     6 |    10 |       ||    16
       Spider Form       |       |       |     2 |       ||     2
       Blade Hands       |       |       |     8 |    19 ||    27
Invok: Heroism           |       |       |       |     6 ||     6
 Abil: Breathe Fire      |       |       |    10 |     6 ||    16
  Use: Scroll            |       |     8 |    13 |     2 ||    23
       Potion            |       |       |     3 |     8 ||    11
 Stab: Sleeping          |     1 |     2 |     1 |     1 ||     5
       Distracted        |       |       |       |     1 ||     1
  Eat: Chunk             |     1 |     9 |     9 |     9 ||    28
       Ration            |       |       |     5 |     5 ||    10
Armor: Skin              |    27 |    47 |   130 |    95 ||   299
Dodge: Dodged            |    59 |    94 |   226 |   225 ||   604
